 Dungeon Crawl Stone Soup version 0.28-a0-535-g6f645e4c1d (webtiles) character file.

Game seed: 4338831686897201501

57554 mg7810 the Basher (level 14, -7/103 HPs)
             Began as a Demonspawn Monk on Sept 26, 2021.
             Splashed with acid (19 damage)
             ... on level 2 of the Pits of Slime.
             The game lasted 01:14:43 (26103 turns).

mg7810 the Basher (Demonspawn Monk)                Turns: 26103, Time: 01:14:44

Health: -7/103     AC: 17    Str: 22    XL:     14   Next: 46%
Magic:  14/14      EV:  7    Int: 16    God:
Gold:   2457       SH: 22    Dex: 16    Spells: 13/13 levels left

rFire   + . .      SeeInvis +   c - +5 mace of Disharmony {distort, SInv}
rCold   . . .      Faith    .   t - +1 tower shield
rNeg    . . .      Spirit   .   H - +3 chain mail {rF+}
rPois   +          Reflect  +   (helmet restricted)
rElec   .          Harm     .   b - +1 cloak {rPois}
rCorr   .          Rampage  .   (no gloves)
Will    +....                   o - +0 pair of boots
Stlth   ..........              x - amulet of reflection
HPRegen 0.27/turn               h - +6 ring of strength
MPRegen 0.14/turn               y - +4 ring of slaying

@: no status effects
A: horns 2, demonic guardian 1, foul stench 2, augmentation 1, big brain 2
a: no special abilities


You were on level 2 of the Pits of Slime.
You visited 4 branches of the dungeon, and saw 19 of its levels.
You also visited: Sewer, Ossuary and Volcano.

You collected 2457 gold pieces.

Inventory:

Hand Weapons
 c - the +5 mace of Disharmony (weapon) {distort, SInv}
   (You found it on level 7 of the Dungeon)

   It warps and distorts space around it, and may blink, banish, or inflict
   extra damage upon those it strikes.
   Unwielding it can cause banishment or high damage.
   SInv:      It lets you see invisible.
 j - a +2 triple sword of flaming
Missiles
 k - 5 javelins
 l - 81 poisoned darts (quivered)
 u - 13 boomerangs
 N - 4 curare-tipped darts
Armour
 a - the +0 chain mail of Fun and Games {rElec Int-2 Dex+7}
   (You found it on level 3 of the Lair of Beasts)

   Int:       It affects your intelligence (-2).
   Dex:       It affects your dexterity (+7).
   rElec:     It insulates you from electricity.
 b - a +1 cloak of poison resistance (worn)
 o - a +0 pair of boots (worn)
 t - a +1 tower shield (worn)
 H - a +3 chain mail of fire resistance (worn)
Jewellery
 d - an amulet of faith
 h - a +6 ring of strength (left hand)
 m - a +4 ring of protection
 x - an amulet of reflection (around neck)
 y - a +4 ring of slaying (right hand)
Wands
 g - a wand of mindburst (2)
 p - a wand of flame (25)
 R - a wand of acid (12)
Scrolls
 e - 4 scrolls of enchant weapon
 q - 3 scrolls of fear
 r - 4 scrolls of immolation
 z - 3 scrolls of enchant armour
 C - a scroll of fog
 G - 5 scrolls of identify
 J - a scroll of amnesia
 O - 7 scrolls of teleportation
Potions
 f - 6 potions of haste
 i - 7 potions of might
 n - 3 potions of curing
 s - 3 potions of lignification
 v - 2 potions of brilliance
 A - 4 potions of magic
 B - a potion of invisibility {unknown}
 D - 2 potions of experience {unknown}
 E - 2 potions of cancellation
 F - a potion of resistance
 I - a potion of ambrosia {unknown}
 L - a potion of berserk rage {unknown}


   Skills:
 + Level 7.3 Fighting
 - Level 6.4(9.7) Axes
 * Level 11.3(12.0) Maces & Flails
 - Level 2.6 Crossbows
 * Level 7.9 Throwing
 + Level 8.2 Armour
 + Level 5.5 Dodging
 - Level 2.0 Stealth
 + Level 9.4 Shields
 * Level 8.0 Unarmed Combat
 * Level 8.6 Evocations


You had 13 spell levels left.
You didn't know any spells.
Your spell library contained the following spells:

 Spells                   Type           Power      Damage    Failure   Level
 Animate Skeleton         Necr           0%         N/A       100%        1
 Magic Dart               Conj           0%         1d3       100%        1
 Pain                     Necr           0%         1d4       100%        1
 Sandblast                Erth           0%         2d4       100%        1
 Shock                    Conj/Air       0%         1d3       100%        1
 Call Imp                 Summ           0%         N/A       100%        2
 Passwall                 Tmut/Erth      0%         N/A       100%        2
 Scorch                   Fire           0%         2d5       100%        2
 Gell's Gravitas          Tloc           0%         N/A       100%        3
 Inner Flame              Hex/Fire       0%         N/A       100%        3
 Mephitic Cloud           Conj/Pois/Air  0%         N/A       100%        3
 Portal Projectile        Hex/Tloc       0%         N/A       100%        3
 Stone Arrow              Conj/Erth      0%         3d7       100%        3
 Summon Guardian Golem    Hex/Summ       0%         N/A       100%        3
 Swiftness                Air            0%         N/A       100%        3
 Teleport Other           Tloc           0%         N/A       100%        3
 Vampiric Draining        Necr           0%         2d6       100%        3
 Airstrike                Air            0%         N/A       100%        4
 Cause Fear               Hex            0%         N/A       100%        4
 Flame Wave               Conj/Fire      0%         3d3       100%        4
 Blade Hands              Tmut           0%         N/A       100%        5
 Excruciating Wounds      Necr           0%         N/A       100%        5
 Summon Forest            Summ/Tloc      0%         N/A       100%        5
 Summon Mana Viper        Hex/Summ       0%         N/A       100%        5
 Dispersal                Tloc           0%         N/A       100%        6
 Summon Cactus Giant      Summ           0%         N/A       100%        6
 Orb of Destruction       Conj           0%         N/A       100%        7
 Spellforged Servitor     Conj/Summ      0%         N/A       100%        7
 Discord                  Hex            0%         N/A       100%        8
 Disjunction              Tloc           0%         N/A       100%        8


Dungeon Overview and Level Annotations

Branches:
Dungeon (10/15)            Temple (1/1) D:5            Lair (6/6) D:10
  Swamp (0/4) Lair:3       Spider (0/4) Lair:3        Slime (2/5) Lair:6
  Sewer (visited)         Ossuary (visited)         Volcano (visited)
    Orc: D:9-12

Altars:
Ashenzari
Cheibriados
Dithmenos
Elyvilon
Fedhas
Gozag
Hepliaklqana
Kikubaaqudgha
Makhleb
Nemelex Xobeh
Okawaru
Qazlal
Ru
Sif Muna
Trog
Uskayaw
Vehumet
Wu Jian
Xom
Yredelemnul
Zin
The Shining One


Innate Abilities, Weirdness & Mutations

You have a pair of horns on your head.
A weak demonic guardian rushes to your aid.
You sometimes emit foul miasma when damaged in melee.
Your magical and physical power is slightly enhanced at high health.
You have an extremely huge brain. (Int +4)


Message History

The enormous slime creature is severely wounded.
The fiery explosion engulfs the very large slime creature!!
Flame seeps out of the very large slime creature.
The very large slime creature is severely wounded.
Your iron imp hits the large slime creature!
Flame seeps out of the large slime creature.
The large slime creature is engulfed in blazing flames.
Flame seeps out of the large slime creature.
A large slime creature splits.
Okay, then.
You feel much better.
The very large slime creature is engulfed in blazing flames.
Flame seeps out of the very large slime creature.
The very large slime creature hits you but does no damage.
Your iron imp hits the slime creature!
Flame seeps out of the slime creature.
The slime creature is engulfed in blazing flames.
Flame seeps out of the slime creature.
You block the slime creature's attack.
The slime creature is engulfed in blazing flames.
The slime creature explodes!
The fiery explosion engulfs the very large slime creature!!!
The fiery explosion engulfs the enormous slime creature!!
Flame seeps out of the enormous slime creature.
The enormous slime creature is almost dead.
The fiery explosion engulfs the slime creature!!!
Your demonic guardian avoids your attack.
The slime creature explodes!
The fiery explosion engulfs the enormous slime creature!!!
The fiery explosion engulfs you! You resist.
* * * LOW HITPOINT WARNING * * *
Your demonic guardian avoids your attack.
The enormous slime creature explodes!
The fiery explosion engulfs you. You resist.
* * * LOW HITPOINT WARNING * * *
Your demonic guardian avoids your attack.
The very large slime creature explodes!
The fiery explosion engulfs you! You resist.
* * * LOW HITPOINT WARNING * * *
Your Unarmed Combat skill increases to level 8!
You are splashed with acid!!
You die...

............ ###.
J...J...J§
##....##...#.#.....
#.....#.......# ...
#......§§§§#....
##.#.§§§§§...... #
##§§§§5......
##.§§☼....>.
#@§☼.......
##.##.#.#.. ###
#...#. #.## ##


You could see an acid blob, 2 slime creatures and a friendly iron imp
(summoned).

Vanquished Creatures
  A quicksilver ooze (Slime:1)
  A boulder beetle (Lair:2)
  Fannar (Lair:2)
  3 catoblepae (Lair:6)
  7 hydras
  Erica (D:10)
  5 two-headed ogres
  9 death yaks
  A lindwurm (Lair:4)
  A bog body (Lair:3)
  2 salamanders (Volcano)
  2 manticores (Lair:6)
  7 elephants
  9 black mambas
  4 rime drakes
  6 cane toads
  8 komodo dragons
  A troll (D:10)
  11 slime creatures
  The ghost of olmar the Ducker, an amateur DjWr (D:3)
  7 blink frogs (Lair:4)
  2 redbacks (Lair:3)
  A wraith (D:10)
  35 yaks
  6 wyverns
  4 fire bats (Volcano)
  2 golden eyes (Slime:2)
  Eustachio (D:6)
  3 steam dragons (Volcano)
  2 swamp worms (Lair:3)
  An acid dragon (D:10)
  12 water moccasins
  Duvessa (D:6)
  A black bear (D:5)
  An ice beast (D:8)
  A sky beast (D:8)
  8 orc warriors
  5 ogres
  5 centaurs
  4 wolves (Lair:6)
  2 kobold brigands
  2 elf zombies (Ossuary)
  12 bullfrogs
  3 scorpions
  Dowan (D:6)
  A wyvern skeleton (D:6)
  2 electric eels
  A howler monkey (D:6)
  3 wights (D:8)
  4 centaur zombies
  A bullfrog zombie (D:6)
  A centaur skeleton (D:4)
  A gnoll shaman (D:4)
  3 orc priests
  3 hounds
  Ijyb (D:4)
  7 orc wizards
  3 mummies
  A howler monkey zombie (D:8)
  A howler monkey skeleton (D:6)
  9 adders
  3 gnolls (D:4)
  8 river rats
  A shadow imp (D:5)
  2 white imps
  An adder skeleton (D:4)
  5 worms
  A dart slug (D:2)
  36 orcs
  11 ball pythons
  7 bats
  6 endoplasms
  4 giant cockroaches
  6 hobgoblins
  4 jackals (D:3)
  37 kobolds
  2 quokkas
  9 frilled lizards
  4 goblins
  A goblin zombie (Ossuary)
  4 hobgoblin zombies (Ossuary)
  2 jackal zombies (Ossuary)
  10 kobold zombies (Ossuary)
  12 orc zombies (Ossuary)
  26 rats
  2 rat zombies (Ossuary)
449 creatures vanquished.

Vanquished Creatures (collateral kills)
  A death yak (Lair:6)
  A salamander (Volcano)
  A komodo dragon (Volcano)
  3 slime creatures (Slime:1)
  A blink frog (Lair:4)
  2 yaks
  A bullfrog (D:8)
  A wyvern zombie (D:8)
  A human zombie (Ossuary)
  An orc priest (D:4)
  An adder (D:3)
  A worm (D:2)
  2 orcs (D:8)
  A goblin (D:4)
  A goblin zombie (Ossuary)
  A hobgoblin zombie (Ossuary)
20 creatures vanquished.

Vanquished Creatures (others)
  A wyvern (Volcano)
  An ogre (Volcano)
  A ball python (D:2)
  9 fungi
  62 plants
74 creatures vanquished.

Grand Total: 543 creatures vanquished

Notes
Turn   | Place    | Note
-------+----------+-------------------------------------------
     0 | D:1      | mg7810 the Demonspawn Monk began the quest for the Orb.
     0 | D:1      | Reached XP level 1. HP: 18/18 MP: 1/1
   455 | D:1      | Gained mutation: You may rarely emit foul miasma when
                  | damaged in melee. [demonic ancestry]
   455 | D:1      | Reached XP level 2. HP: 24/24 MP: 2/2
  1304 | D:2      | Gained mutation: A weak demonic guardian rushes to your
                  | aid. [demonic ancestry]
  1304 | D:2      | Reached XP level 3. HP: 25/29 MP: 3/3
  1537 | D:2      | Reached skill level 1 in Armour
  1974 | D:2      | Found a faded altar of an unknown god.
  2312 | D:2      | Gained mutation: You have a pair of small horns on your
                  | head. [demonic ancestry]
  2312 | D:2      | Reached XP level 4. HP: 35/35 MP: 4/4
  3157 | D:3      | Found a large runed translucent door.
  3159 | D:3      | Found a large runed translucent door.
  3262 | D:3      | Noticed olmar's ghost (amateur DjWr)
  3516 | D:3      | Reached skill level 1 in Shields
  3597 | D:3      | Gained mutation: You have an unusually large brain. (Int
                  | +2) [demonic ancestry]
  3597 | D:3      | Reached XP level 5. HP: 41/41 MP: 5/5
  4092 | D:4      | Found a sand-covered staircase.
  4106 | D:4      | Reached skill level 1 in Throwing
  4125 | Ossuary  | Entered an ossuary
  4162 | Ossuary  | Reached skill level 1 in Evocations
  4322 | Ossuary  | Reached skill level 1 in Unarmed Combat
  4322 | Ossuary  | Gained mutation: You sometimes emit foul miasma when
                  | damaged in melee. [demonic ancestry]
  4322 | Ossuary  | Reached XP level 6. HP: 30/47 MP: 6/6
  5228 | D:4      | Gained mutation: You have an extremely huge brain. (Int +4)
                  | [demonic ancestry]
  5228 | D:4      | Reached XP level 7. HP: 50/53 MP: 7/7
  5242 | D:4      | Noticed Ijyb
  5257 | D:4      | Killed Ijyb
  6440 | D:5      | Entered Level 5 of the Dungeon
  6572 | D:5      | Found a staircase to the Ecumenical Temple.
  7280 | D:5      | Reached XP level 8. HP: 54/60 MP: 8/8
  7411 | D:6      | Identified a scroll of acquirement
  7411 | D:6      | Acquired a +2 vorpal triple crossbow
  7429 | D:6      | Reached skill level 5 in Axes
  7449 | D:6      | Found a glowing drain.
  7479 | Sewer    | Entered a sewer
  8401 | D:6      | Noticed Eustachio
  8411 | D:6      | Killed Eustachio
  8412 | D:6      | Reached skill level 1 in Crossbows
  8796 | D:6      | Noticed Duvessa
  8798 | D:6      | Noticed Dowan
  8814 | D:6      | Killed Duvessa
  8820 | D:6      | Killed Dowan
  9137 | D:6      | Reached XP level 9. HP: 61/66 MP: 9/9
  9653 | Temple   | Entered the Ecumenical Temple
 10065 | D:7      | Found a runed translucent door.
 10070 | D:7      | Noticed Crazy Yiuf
 10071 | D:7      | Identified the +5 mace of Disharmony {distort, SInv}
 10144 | D:7      | Found a hide-covered altar of Uskayaw.
 10992 | D:7      | Noticed Crazy Yiuf
 10992 | D:7      | Crazy Yiuf changed into Crazy Yiuf the hound
 10994 | D:7      | Killed Crazy Yiuf the hound
 11285 | D:3      | Killed olmar's ghost
 11286 | D:3      | Reached skill level 1 in Maces & Flails
 11620 | D:8      | Reached skill level 2 in Maces & Flails
 11685 | D:8      | Reached skill level 3 in Maces & Flails
 11685 | D:8      | Reached skill level 5 in Shields
 11690 | D:8      | Reached skill level 5 in Fighting
 11837 | D:8      | Reached XP level 10. HP: 74/74 MP: 10/10
 11853 | D:8      | Acquired a +4 ring of slaying
 11946 | D:8      | Found a broken altar of Ashenzari.
 12398 | D:9      | Found a bloodstained altar of Trog.
 12699 | D:9      | Reached skill level 4 in Maces & Flails
 12699 | D:9      | Reached skill level 5 in Armour
 13222 | D:10     | Entered Level 10 of the Dungeon
 13310 | D:10     | Reached skill level 5 in Maces & Flails
 13401 | D:10     | Noticed a death yak
 13404 | D:10     | Noticed a death yak
 13408 | D:10     | Noticed a death yak
 13411 | D:10     | Noticed a death yak
 13412 | D:10     | Noticed a death yak
 13421 | D:10     | Killed a death yak
 13424 | D:10     | Killed a death yak
 13439 | D:10     | Killed a death yak
 13440 | D:10     | Reached skill level 6 in Maces & Flails
 13440 | D:10     | Reached skill level 5 in Evocations
 13440 | D:10     | Gained mutation: You have a pair of horns on your head.
                  | [demonic ancestry]
 13440 | D:10     | Reached XP level 11. HP: 76/80 MP: 11/11
 13460 | D:10     | Killed a death yak
 13461 | D:10     | Killed a death yak
 13702 | D:10     | Found a staircase to the Lair.
 13876 | D:10     | Noticed a two-headed ogre
 13881 | D:10     | Killed a two-headed ogre
 13882 | D:10     | Reached skill level 7 in Maces & Flails
 14038 | D:10     | Noticed Erica
 14044 | D:10     | Killed Erica
 14143 | D:10     | Found a sacrificial altar of Ru.
 14523 | Lair:1   | Entered Level 1 of the Lair of Beasts
 14675 | Lair:1   | Noticed a seven-headed hydra
 14687 | Lair:1   | Killed a seven-headed hydra
 14956 | Lair:1   | Noticed an eight-headed hydra
 14967 | Lair:1   | Killed an eight-headed hydra
 14968 | Lair:1   | Reached skill level 5 in Unarmed Combat
 15445 | Lair:2   | Reached skill level 5 in Throwing
 15620 | Lair:2   | Noticed an eight-headed hydra
 15624 | Lair:2   | Reached skill level 8 in Maces & Flails
 15629 | Lair:2   | Killed an eight-headed hydra
 15713 | Lair:2   | Noticed a lindwurm
 15714 | Lair:2   | Found a dark tunnel.
 15723 | Volcano  | Entered a volcano
 15952 | Volcano  | Noticed a two-headed ogre
 15961 | Volcano  | Killed a two-headed ogre
 16082 | Volcano  | Reached XP level 12. HP: 82/87 MP: 12/12
 16088 | Volcano  | HP: 1/130 [salamander (13)]
 16371 | Volcano  | Noticed a two-headed ogre
 16371 | Volcano  | Noticed a two-headed ogre
 16377 | Volcano  | Killed a two-headed ogre
 16384 | Volcano  | Killed a two-headed ogre
 16385 | Volcano  | Reached skill level 5 in Dodging
 16397 | Volcano  | Noticed a two-headed ogre
 16778 | Volcano  | Killed a two-headed ogre
 17004 | Volcano  | Noticed a fire dragon
 17017 | Volcano  | Banished a fire dragon
 17018 | Volcano  | Reached skill level 9 in Maces & Flails
 17603 | Lair:2   | Noticed an eight-headed hydra
 17613 | Lair:2   | Killed an eight-headed hydra
 18062 | Lair:2   | Noticed a boulder beetle
 18072 | Lair:2   | Killed a boulder beetle
 18205 | Lair:2   | Noticed Fannar
 18218 | Lair:2   | Killed Fannar
 19213 | Lair:3   | Identified the +0 chain mail of Fun and Games {rElec Int-2
                  | Dex+7}
 19562 | Lair:3   | Found a hole to the Spider Nest.
 19912 | Lair:3   | Gained mutation: Your magical and physical power is
                  | slightly enhanced at high health. [demonic ancestry]
 19912 | Lair:3   | Reached XP level 13. HP: 94/94 MP: 13/13
 19968 | Lair:3   | Found a staircase to the Swamp.
 20979 | Lair:4   | Reached skill level 10 in Maces & Flails
 23014 | Lair:5   | Acquired 1081 gold pieces
 23024 | Lair:6   | Entered Level 6 of the Lair of Beasts
 23587 | Lair:6   | Found a staircase to the Slime Pits.
 24064 | Lair:6   | Reached XP level 14. HP: 87/103 MP: 14/14
 24211 | Lair:6   | Reached skill level 11 in Maces & Flails
 25203 | Slime:1  | Entered Level 1 of the Pits of Slime
 25207 | Slime:1  | Noticed a quicksilver ooze
 25211 | Slime:1  | Killed a quicksilver ooze
 26087 | Slime:2  | Noticed an acid blob
 26099 | Slime:2  | Noticed an acid blob
 26103 | Slime:2  | Splashed with acid

Illustrated notes

Levels and vault maps discovered:
D:1:      dpeg_arrival_radiant, layout_loops_ring, minivault_14
D:2:      layout_basic, hellmonk_ecumenical_altar_blasted,
          chequers_serial_rivers_room_a, kennysheep_generic_room_5
D:3:      layout_loops_ring, ebering_ghost_disaster_area,
          nicolae_underground_beach
D:4:      layout_basic, gup_ossuary_entry_pyramid, uniq_ijyb
D:5:      layout_loops_ring, minmay_temple_entry_hall
D:6:      layout_loops_corners, portal_sewer_entry_c, uniq_eustachio,
          uniq_duvessa
D:7:      layout_rooms, lemuel_tele_altar, uniq_crazy_yiuf_cottage
D:8:      layout_cave_pools, cheibrodos_ashenzari_chains
D:9:      layout_cave_pods, mainiacjoe_overflow_six_doors_small
D:10:     layout_long_grid, mainiacjoe_overflow_surrounded_room,
          dpeg_lair_monsters, uniq_erica
Temple:   compressed_dpeg_circular_temple
Lair:1:   layout_small_grid, infiniplex_staircase_pool
Lair:2:   layout_chaotic_city, nicolae_volcano_entry_vermiform,
          grunt_megastairs_2, uniq_fannar
Lair:3:   layout_cave_pods, nicolae_swamp_entry_splash_gauntlet,
          spider_nest_entry_a
Lair:4:   layout_regular_city
Lair:5:   layout_roguey, minmay_lair_drake_nest, serial_bayou_shore_b
Lair:6:   evilmike_catoblepas_cave, layout_regular_city, slime_dummy
Slime:1:  layout_caves
Slime:2:  layout_caves

Skill      XL: |  1  2  3  4  5  6  7  8  9 10 11 12 13 14 |
---------------+-------------------------------------------+-----
Axes           | 3 4 6 |  6.4
Armour         | 1 2 3 4 5 6 7 8 |  8.2
Dodging        | 3 4 5 |  5.5
Stealth        | 2 |  2.0
Shields        | 1 2 3 4 5 6 7 8 9 |  9.4
Throwing       | 1 2 3 4 5 6 7 |  7.9
Evocations     | 1 2 3 5 6 7 8 |  8.6
Unarmed Combat | 1 2 3 4 5 6 7 8 |  8.0
Fighting       | 4 5 6 7 |  7.3
Crossbows      | 2 |  2.6
Maces & Flails | 3 6 8 9 10 11 | 11.3

Action                   |  1- 3 |  4- 6 |  7- 9 | 10-12 | 13-15 || total
-------------------------+-------+-------+-------+-------+-------++-------
Melee: Hand axe          |   120 |   239 |   285 |       |       ||   644
       Headbutt          |       |    56 |    74 |    78 |   102 ||   310
       Mace              |       |       |    72 |   312 |   329 ||   713
Throw: Dart              |     7 |       |    20 |    13 |       ||    40
       Javelin           |       |     5 |       |       |       ||     5
Evoke: Wand              |       |       |     2 |    16 |     6 ||    24
  Use: Scroll            |     1 |     6 |     6 |     9 |     5 ||    27
       Potion            |       |     6 |       |    14 |     5 ||    25
 Stab: Sleeping          |     1 |     2 |       |       |       ||     3
       Distracted        |       |     1 |     1 |     1 |       ||     3
Armor: Robe              |     8 |       |       |       |       ||     8
       Ring mail         |    32 |    97 |    84 |       |       ||   213
       Skin              |       |     5 |       |    12 |       ||    17
       Plate armour      |       |       |    16 |    59 |       ||    75
       Scale mail        |       |       |     4 |       |       ||     4
       Chain mail        |       |       |       |    74 |   102 ||   176
Dodge: Dodged            |    87 |    72 |    75 |    58 |    57 ||   349
Block: Tower shield      |       |   152 |   447 |   346 |   370 ||  1315
       Reflection        |       |       |     8 |    16 |     3 ||    27

Table legend: (Time is in decaauts)
 A = Elapsed time spent in this place.
 B = Non-inter-level travel time spent in this place.
 C = Inter-level travel time spent in this place.
 D = Time resting spent in this place.
 E = Time spent auto-exploring this place.
 F = Levels seen in this place.
 G = Mean time per level.
                   A        B        C        D        E       F      G
               +--------+--------+--------+--------+--------+-----+--------+
         Total |  26644 |  25056 |   1588 |    659 |  18915 |  22 | 1211.1 |
       Dungeon |  13411 |  11985 |   1426 |    151 |   9147 |  10 | 1341.1 |
        Temple |    155 |    149 |      6 |      0 |     58 |   1 |  155.0 |
          Lair |   8904 |   8749 |    155 |     34 |   7241 |   6 | 1484.0 |
    Slime Pits |    717 |    717 |      0 |      0 |    570 |   2 |  358.5 |
         Sewer |    943 |    943 |      0 |      0 |    607 |   1 |  943.0 |
       Ossuary |    714 |    714 |      0 |      0 |    294 |   1 |  714.0 |
       Volcano |   1797 |   1797 |      0 |    474 |    997 |   1 | 1797.0 |
               +--------+--------+--------+--------+--------+-----+--------+

Top non-repeatable levels by time:
  Lair:6: 2391 daAuts
     D:4: 2105 daAuts
 Volcano: 1797 daAuts
     D:6: 1673 daAuts
  Lair:2: 1545 daAuts
  Lair:3: 1487 daAuts
     D:3: 1480 daAuts
     D:2: 1404 daAuts
  Lair:5: 1300 daAuts
     D:5: 1290 daAuts
  Lair:4: 1251 daAuts
     D:9: 1214 daAuts
     D:1: 1189 daAuts
    D:10: 1129 daAuts
     D:7: 1093 daAuts
